 Dungeon Crawl Stone Soup version 0.31.0-12-g77e489cdc1 (webtiles) character file.

Game seed: 12530166511465155548

67 solopath the Ruffian (level 4, 10/33 HPs)
             Began as a Demonspawn Shapeshifter on Feb 12, 2024.
             Quit the game on level 2 of the Dungeon.
             The game lasted 00:01:16 (1453 turns).

solopath the Ruffian (Demonspawn Shapeshifter)      Turns: 1453, Time: 00:01:17

Health: 10/33      AC:  6    Str: 17    XL:     4   Next: 0%
Magic:  4/4        EV: 12    Int: 10    God:
Gold:   57         SH:  0    Dex: 18    Spells: 3/3 levels left

rFire   . .          .
                       - Unarmed
rCold   . . .        (no shield)
rNeg    . . .        a - +0 animal skin
rPois   .            (helmet currently unavailable)
rElec   .            (cloak currently unavailable)
rCorr   .            (gloves currently unavailable)
SInv    .            (boots currently unavailable)
Will    .....        (no amulet)
Stlth   ++           n - +6 ring of dexterity
HPRegen 0.25/turn    q - +4 ring of protection
MPRegen 0.09/turn

%: no passive effects
@: beast-form
A: beast (slay +1), antennae 1, demonic magic 1
a: Begin Untransformation


You were on level 2 of the Dungeon.
You were a hulking beast.
You visited 1 branch of the dungeon, and saw 2 of its levels.

You collected 57 gold pieces.

Inventory:

Missiles
 k - a throwing net (quivered)
Armour
 a - a +0 animal skin (worn)
Jewellery
 n - a +6 ring of dexterity (left hand)
 q - a +4 ring of protection (right hand)
Talismans
 c - a beast talisman
 d - a flux talisman
Scrolls
 g - a scroll of blinking {unknown}
 i - a scroll of identify {unknown}
 j - a scroll of immolation {unknown}
 m - a scroll of enchant armour {unknown}
 p - a scroll of enchant weapon {unknown}
 r - a scroll of teleportation {unknown}
Potions
 b - a potion of lignification
 e - 3 potions of curing {unknown}
 f - a potion of might {unknown}
 h - a potion of heal wounds {unknown}
 l - 2 potions of invisibility {unknown}
 o - a potion of berserk rage {unknown}


   Skills:
 + Level 2.0 Fighting
 - Level 1.7 Dodging
 * Level 3.7 Unarmed Combat
 + Level 3.1 Shapeshifting


You had 3 spell levels left.
You didn't know any spells.
Your spell library was empty.

Dungeon Overview and Level Annotations

Branches:
Dungeon (2/15)

Altars:


Innate Abilities, Weirdness & Mutations

You are a hulking beast.
Your limbs bulge with bestial killing power. (Slay +1)
You have a pair of small antennae on your head.
Spells you cast may paralyse adjacent enemies.


Message History

No target in view!
No target in view!
No target in view!
No target in view!
No target in view!
No target in view!
No target in view!
No target in view!
No target in view!
No target in view!
You start resting.
HP restored.
You climb downwards.
There is a stone staircase leading up here.
The gnoll hits you from afar with a +0 halberd.
The gnoll hits you with a +0 halberd!
You hit the gnoll but do no damage. You hit the gnoll.
The gnoll is lightly wounded.
The gnoll hits you but does no damage.
You hit the gnoll but do no damage.
The gnoll is lightly wounded.
The gnoll closely misses you.
You punch the gnoll!
The gnoll is severely wounded.
The gnoll hits you with a +0 halberd.
You hit the gnoll.
The gnoll is severely wounded.
The gnoll hits you but does no damage.
You hit the gnoll but do no damage.
The gnoll is severely wounded.
The gnoll hits you with a +0 halberd!
* * * LOW HITPOINT WARNING * * *
You hit the gnoll.
You kill the gnoll!
Your Fighting skill increases to level 2!
You have reached level 4!
You feel stronger.
Your demonic ancestry asserts itself...
A pair of antennae grows on your head!
Are you sure you want to abandon this character and quit the game? (Confirm with "yes".)

..................... ..#
....##..........##.# ..>
..####..........##.# ##.#.##
#.######.#.....###.###รท......
#.##.....................#
#....###...#.#.#........###
#.#.###.......<#.####.##....
#.#.###.......)..###.....###
#.#.............h##....####
#.####.........#.)#.#.....#
#...)#......(..##......##.#
####..........>......#K##.##
..####.........#####.#..g.)#
..####..(>.....###...####K...#
...............#...###
#........ ..###......##....###
##..#.... ..##...........###
.## ...


There were no monsters in sight!

Vanquished Creatures
  3 gnolls (D:2)
  A dart slug (D:2)
  3 bats
  4 endoplasms
  A giant cockroach (D:1)
  4 goblins
  3 kobolds
  2 quokkas (D:1)
  4 ball pythons
  3 frilled lizards
  8 rats
36 creatures vanquished.

Notes
Turn   | Place    | Note
-------+----------+-------------------------------------------
     0 | D:1      | solopath the Demonspawn Shapeshifter began the quest for
                  | the Orb.
     0 | D:1      | Reached XP level 1. HP: 15/15 MP: 1/1
   458 | D:1      | Gained mutation: Spells you cast may paralyse adjacent
                  | enemies. [demonic ancestry]
   458 | D:1      | Reached XP level 2. HP: 20/21 MP: 2/2
  1142 | D:2      | Reached XP level 3. HP: 26/26 MP: 3/3
  1453 | D:2      | Gained mutation: You have a pair of small antennae on your
                  | head. [demonic ancestry]
  1453 | D:2      | Reached XP level 4. HP: 10/33 MP: 4/4
  1453 | D:2      | Quit the game

Illustrated notes

Levels and vault maps discovered:
D:1:      spicycebolla_green_bress_n_ham, layout_basic, serial_corexii_hall,
          corexii_hall_statues_deadend, corexii_hall_statues_s
D:2:      layout_rooms, basic_altar

Skill      XL: |  1  2  3 |
---------------+----------+-----
Unarmed Combat | 3 |  3.7
Shapeshifting  | 3 |  3.1
Fighting       | 2 |  2.0
Dodging        | |  1.7

Action                     |  1- 3 |  4- 6 || total
---------------------------+-------+-------++-------
  Melee: Unarmed           |   105 |       ||   105
         Punch             |     1 |       ||     1
   Stab: Sleeping          |     1 |       ||     1
 Armour: Animal skin       |    59 |       ||    59
  Dodge: Dodged            |    81 |       ||    81
